 Dungeon Crawl Stone Soup version 0.28-a0-948-gee6e0bcda6 (webtiles) character file.

Game seed: 7763195679156521308

5 Gargoyl the Skirmisher (level 1, 10/18 HPs)
             Began as a Gnoll Abyssal Knight on Nov 30, 2021.
             Was an Initiate of Lugonu.
             Quit the game on level 1 of the Dungeon.
             The game lasted 00:00:46 (233 turns).

Gargoyl the Skirmisher (Gnoll Abyssal Knight)        Turns: 233, Time: 00:00:48

Health: 10/18      AC:  6    Str:  8    XL:     1   Next: 80%
Magic:  2/3        EV:  3    Int:  5    God:    Lugonu [......]
Gold:   56         SH:  0    Dex:  8    Spells: 0/0 levels left

rFire   . . .      SeeInvis .   a - +2 hand axe
rCold   . . .      Faith    .   (no shield)
rNeg    . . .      Spirit   .   c - +1 chain mail
rPois   .          Reflect  .   (no helmet)
rElec   .          Harm     .   (no cloak)
rCorr   .          Rampage  .   (no gloves)
Will    .....      Rnd*Tele +   (no boots)
Stlth   ..........              (no amulet)
HPRegen 0.06/turn               (no ring)
MPRegen 0.08/turn               (no ring)

@: no status effects
A: fangs 1, strong nose, distributed training, [clumsy 2], [deformed body],
[dopey 2], [frail 2], [teleportitis 2], [weak 2], [no potion heal 2], [subdued
magic 2], [inability to read while threatened]
a: Renounce Religion


You were on level 1 of the Dungeon.
You worshipped Lugonu.
Lugonu was noncommittal.
You visited 1 branch of the dungeon, and saw 1 of its levels.
You visited the Abyss 1 time.

You collected 56 gold pieces.

Inventory:

Hand Weapons
 a - a +2 hand axe (weapon)
Armour
 c - a +1 chain mail (worn)


   Skills:
 + Level 6.4 Fighting
 + Level 0.1 Short Blades
 + Level 0.1 Long Blades
 + Level 4.4 Axes
 + Level 0.1 Maces & Flails
 + Level 0.1 Polearms
 + Level 0.1 Staves
 + Level 0.1 Slings
 + Level 0.1 Bows
 + Level 0.1 Crossbows
 + Level 0.1 Throwing
 + Level 4.4 Armour
 + Level 2.4 Dodging
 + Level 0.1 Stealth
 + Level 0.1 Shields
 + Level 0.1 Unarmed Combat
 + Level 0.1 Spellcasting
 + Level 0.1 Conjurations
 + Level 0.1 Hexes
 + Level 0.1 Summonings
 + Level 0.1 Necromancy
 + Level 0.1 Translocations
 + Level 0.1 Transmutations
 + Level 0.1 Fire Magic
 + Level 0.1 Ice Magic
 + Level 0.1 Air Magic
 + Level 0.1 Earth Magic
 + Level 0.1 Poison Magic
 + Level 4.4 Invocations
 + Level 0.1 Evocations


You couldn't memorise any spells.
You didn't know any spells.
Your spell library was empty.

Dungeon Overview and Level Annotations

Branches:
Dungeon (1/15)

Altars:


Innate Abilities, Weirdness & Mutations

You have very sharp teeth.
Your uncanny sense of smell can sniff out nearby items.
Your experience applies equally to all skills.
[You are very clumsy. (Dex -4)]
[Armour fits poorly on your strangely shaped body.]
[You are very dopey. (Int -4)]
[You are very frail. (-20% HP)]
[You are sometimes teleported next to monsters.]
[You are very weak. (Str -4)]
[Potions cannot restore your health.]
[Your spells are easier to cast, but less powerful.]
[You sometimes lose the ability to read scrolls when taking damage.]


Message History

Your connection to magic feels subdued.
Your connection to magic feels more subdued.
Found a book of Debilitation.
The wretched star pulses with an eldritch light!
Your system partially rejects the healing effects of potions.
Your system completely rejects the healing effects of potions.
Your body twists and deforms.
There is a gateway leading deeper into the Abyss here.
The wretched star pulses with an eldritch light!
You feel weaker. x2
You plunge deeper into the Abyss.
The abyssal rune of Zot can be found at this depth.
Found 22 arrows.
Found 20 arrows.
Found 23 stones.
b - a scroll labelled ZUHAAC FYCHYHA
Found a runed scarf.
d - a scroll labelled OFUTIO ITHRAUSCH
Found a ring mail.
You now have 56 gold pieces (gained 19).
You see here a scarf of harm.
A ynoxinul comes into view.
The ynoxinul bellows!
A thrashing horror comes into view. x2
The ynoxinul gestures.
The thrashing horror moves out of view.
A starcursed mass splits.
The starcursed mass shrieks in your mind.
Found a piece from Xom's chessboard (15/15).
You pass through the gate.
You can no longer depart the Abyss at will.
Found 19 arrows.
Found an escape hatch in the floor.
There is a staircase leading out of the dungeon here.
As you read the scroll labelled ZUHAAC FYCHYHA, it crumbles to dust.
It is a scroll of amnesia.
You feel forgetful for a moment.
As you read the scroll labelled OFUTIO ITHRAUSCH, it crumbles to dust.
It is a scroll of identify.
You don't have any unidentified items.
Are you sure you want to abandon this character and quit the game? (Confirm with "yes".)

..............#
#.............#
#..≈≈≈≈≈≈≈≈≈≈.#
#..≈........≈..
#..≈.....≈≈.≈.≈
#..≈.....≈.>≈..
#..≈..≈≈.≈.≈≈..
#..≈..≈@.≈.....
#..≈≈.≈.≈≈.....
#.....≈........
#.....≈≈≈≈≈≈≈≈≈
.........(.....
###............
#..........##
#..........#


There were no monsters in sight!

Vanquished Creatures
  An ufetubus (Abyss:2)
1 creature vanquished.

Notes
Turn   | Place    | Note
-------+----------+-------------------------------------------
     0 | Abyss:1  | Gargoyl the Gnoll Abyssal Knight began the quest for the
                  | Orb.
     0 | Abyss:1  | Reached XP level 1. HP: 23/23 MP: 3/3
   150 | Abyss:2  | Noticed a wretched star
   222 | Abyss:3  | Noticed a ynoxinul
   222 | Abyss:3  | Noticed a thrashing horror
   222 | Abyss:3  | Noticed a thrashing horror
   226 | Abyss:3  | Noticed a starcursed mass
   230 | D:1      | Escaped the Abyss
   233 | D:1      | Quit the game

Illustrated notes

Levels and vault maps discovered:
D:1:      ebering_trefoil_twist, layout_basic

Action                   || total
-------------------------++-------
Melee: Hand axe          ||     4
Invok: Depart the Abyss  ||     1
  Use: Scroll            ||     4
Armor: Chain mail        ||     4
Dodge: Dodged            ||     5

Table legend: (Time is in decaauts)
 A = Elapsed time spent in this place.
 B = Non-inter-level travel time spent in this place.
 C = Inter-level travel time spent in this place.
 D = Time resting spent in this place.
 E = Time spent auto-exploring this place.
 F = Levels seen in this place.
 G = Mean time per level.
                   A        B        C        D        E       F      G
               +--------+--------+--------+--------+--------+-----+--------+
         Total |    232 |    232 |      0 |      0 |    140 |   4 |   58.0 |
       Dungeon |      2 |      2 |      0 |      0 |      0 |   1 |    2.0 |
         Abyss |    229 |    229 |      0 |      0 |    140 |   3 |   76.3 |
               +--------+--------+--------+--------+--------+-----+--------+

Top non-repeatable levels by time:
 Abyss:1: 102 daAuts
 Abyss:2: 65 daAuts
 Abyss:3: 62 daAuts
     D:1: 2 daAuts
